 Dungeon Crawl Stone Soup version 0.31-a0-1338-gb567cfdca4 (webtiles) character file.

Game seed: 8581955411900393981

127 IdlyInterested the Ruffian (level 4, -1/33 HPs)
             Began as a Demonspawn Gladiator on Dec 21, 2023.
             Slain by a crocodile (4 damage)
             ... in a sewer.
             The game lasted 00:07:23 (2309 turns).

IdlyInterested the Ruffian (Demonspawn Gladiator)   Turns: 2309, Time: 00:07:24

Health: -1/33      AC: 10    Str: 19    XL:     4   Next: 85%
Magic:  4/4        EV: 11    Int:  8    God:
Gold:   122        SH:  0    Dex: 14    Spells: 3/3 levels left

rFire   . . .        w - +8 rapier of Uwydoaty {freeze, Str+2}
rCold   . . .        (no shield)
rNeg    . . .        p - +0 ring mail
rPois   .            b - +0 helmet
rElec   .            u - scarf {harm}
rCorr   .            n - +0 pair of gloves
SInv    .            l - +0 pair of boots
Will    .....        (no amulet)
Stlth   +            (no ring)
HPRegen 0.25/turn    (no ring)
MPRegen 0.09/turn

%: harm (+30% outgoing, +20% incoming)
@: mighty, very slow
A: molten scales 1
a: no special abilities


You were in a sewer.
You visited 1 branch of the dungeon, and saw 3 of its levels.
You also visited: Sewer.

You collected 122 gold pieces.

Inventory:

Hand Weapons
 f - a +0 short sword
 j - a +0 trident
 q - a +2 dagger of speed
 r - a +2 short sword of electrocution
 t - a +0 vampiric dagger
 w - the +8 rapier of Uwydoaty (weapon) {freeze, Str+2}
   (You found it on level 2 of the Dungeon)

   Str+2:     It affects your strength (+2).
Missiles
 c - 3 throwing nets
 d - a javelin
 k - 23 stones (quivered)
Armour
 a - a +0 leather armour
 b - a +0 helmet (worn)
 l - a +0 pair of boots (worn)
 n - a +0 pair of gloves (worn)
 p - a +0 ring mail (worn)
 u - a scarf of harm (worn)
Scrolls
 e - 2 scrolls of teleportation
 i - a scroll of immolation
 o - a scroll of enchant armour
 s - 2 scrolls of amnesia
Potions
 h - 2 potions of enlightenment
 m - 2 potions of might
 v - a potion of heal wounds {unknown}
 x - a potion of brilliance {unknown}


   Skills:
 - Level 2.0 Fighting
 - Level 2.0 Throwing
 - Level 2.0 Armour
 - Level 2.6 Dodging
 + Level 1.9 Stealth
 - Level 2.0 Shields
 - Level 2.6 Unarmed Combat
 - Level 1.0 Evocations
 - Level 1.0 Shapeshifting


You had 3 spell levels left.
You didn't know any spells.
Your spell library was empty.

Dungeon Overview and Level Annotations

Branches:
Dungeon (3/15)              Sewer (1/1)

Altars:

Shops:
D:1 [


Innate Abilities, Weirdness & Mutations

You are partially covered in molten scales. (AC +2)


Message History

A giant cockroach comes into view.
The giant cockroach completely misses you.
The giant cockroach splashes around in the water.
You hit the giant cockroach but do no damage.
The giant cockroach splashes around in the water. x2
Your unstable footing causes you to fumble your attack.
The giant cockroach bites you but does no damage.
You hit the giant cockroach. You freeze the giant cockroach.
You kill the giant cockroach!
You see here a giant cockroach corpse.
A crocodile and 3 rats come into view.
The rat squeaks loudly.
The rat moves out of view.
A quokka and a rat come into view.
The rat squeaks loudly. x2; You hear a shout!
You hear a loud squeak.
You hear an angry hiss.
The crocodile bites you but does no damage.
A sickly merfolk siren comes into view.
The crocodile bites you but does no damage.
The crocodile bites you. The crocodile drags you backwards!
The crocodile attacks as it pursues you!
The crocodile bites you! The crocodile drags you backwards!
The sickly merfolk siren chants a haunting song.
You are mesmerised by the sickly merfolk siren!
The crocodile barely misses you.
The rat twitches its whiskers.
You hear a loud squeak.
You hear an angry hiss.
You hear a loud squeak.
Your unstable footing causes you to fumble your attack.
You break out of your daze!
The sickly merfolk siren chants a haunting song.
You resist. The crocodile bites you!
* * * LOW HITPOINT WARNING * * *
The crocodile drags you backwards! The rat barely misses you.
You hear a loud squeak. 2 rats come into view.
It was a potion of might.
You feel very mighty all of a sudden.
The rat squeaks loudly.
The crocodile bites you.
You die...

#### ##.~##
######.~~~###
...†.†~~~~∩∩#
#############
~≈≈≈≈≈≈≈~≈##########
..~..~~~~~†~~~~~@l≈#
#..#############rr≈#
#### #r#≈m≈#
#.##r~~~r #r. ....r
### ##.. .


You could see a crocodile, a sickly merfolk siren, a quokka and 6 rats.

Vanquished Creatures
  4 adders
  A river rat (Sewer)
  9 ball pythons
  8 endoplasms
  5 giant cockroaches
  7 goblins
  4 hobgoblins
  5 jackals
  3 kobolds
  2 quokkas
  7 bats
  6 frilled lizards
  19 rats
80 creatures vanquished.

Notes
Turn   | Place    | Note
-------+----------+-------------------------------------------
     0 | D:1      | IdlyInterested the Demonspawn Gladiator began the quest for
                  | the Orb.
     0 | D:1      | Reached XP level 1. HP: 16/16 MP: 1/1
   168 | D:1      | Reached skill level 1 in Armour
   233 | D:1      | Reached skill level 1 in Stealth
   235 | D:1      | Gained mutation: You are partially covered in molten
                  | scales. (AC +2) [demonic ancestry]
   235 | D:1      | Reached XP level 2. HP: 22/22 MP: 2/2
   390 | D:1      | Found Orhory's Antique Armour Shop.
   410 | D:1      | Reached skill level 1 in Evocations
   522 | D:1      | Reached skill level 1 in Shapeshifting
   543 | D:1      | Reached XP level 3. HP: 27/27 MP: 3/3
   870 | D:1      | Reached skill level 1 in Shields
  1337 | D:2      | Reached XP level 4. HP: 31/33 MP: 4/4
  1943 | D:2      | Identified the +8 rapier of Uwydoaty {freeze, Str+2}
  2213 | D:3      | Found a glowing drain.
  2231 | Sewer    | Entered a sewer
  2303 | Sewer    | Noticed a crocodile
  2309 | Sewer    | Slain by a crocodile

Illustrated notes

Levels and vault maps discovered:
D:1:      kennysheep_arrival_seaside, layout_basic, serial_shops, shop,
          st_stairs_3, minmay_pentomino_r4
D:2:      layout_loops_ring, minmay_fractal_squares_5
D:3:      layout_basic, gup_sewer_entry_glass
Sewer:    sewer_sea

Skill      XL: |  1  2  3  4 |
---------------+-------------+-----
Armour         | 1 2 |  2.0
Stealth        | 1 |  1.9
Evocations     | 1 |  1.0
Shapeshifting  | 1 |  1.0
Shields        | 1 2 |  2.0
Throwing       | 2 |  2.0
Fighting       | |  2.0
Dodging        | |  2.6
Unarmed Combat | |  2.6

Action                     |  1- 3 |  4- 6 || total
---------------------------+-------+-------++-------
  Melee: Unarmed           |    20 |       ||    20
         Trident           |   115 |       ||   115
         Punch             |     2 |       ||     2
         Short sword       |       |    31 ||    31
         Rapier            |       |    30 ||    30
  Throw: Stone             |       |     3 ||     3
    Use: Scroll            |     1 |     4 ||     5
         Potion            |     1 |     1 ||     2
   Stab: Sleeping          |     2 |       ||     2
 Armour: Leather armour    |    60 |       ||    60
         Ring mail         |    26 |    34 ||    60
  Dodge: Dodged            |    96 |    35 ||   131

Table legend: (Time is in decaauts)
 A = Elapsed time spent in this place.
 B = Non-inter-level travel time spent in this place.
 C = Inter-level travel time spent in this place.
 D = Time resting spent in this place.
 E = Time spent auto-exploring this place.
 F = Levels seen in this place.
 G = Mean time per level.
                   A        B        C        D        E       F      G
               +--------+--------+--------+--------+--------+-----+--------+
         Total |   2364 |   2165 |    199 |    267 |   1191 |   4 |  591.0 |
       Dungeon |   2268 |   2069 |    199 |    267 |   1191 |   3 |  756.0 |
         Sewer |     95 |     95 |      0 |      0 |      0 |   1 |   95.0 |
               +--------+--------+--------+--------+--------+-----+--------+

Top non-repeatable levels by time:
     D:1: 1272 daAuts
     D:2: 950 daAuts
   Sewer: 95 daAuts
     D:3: 45 daAuts
